[Event "Live Chess"]
[Site "Chess.com"]
[Date "2023.05.20"]
[Round "-"]
[White "MrBlond89"]
[Black "ProfPoisson"]
[Result "1-0"]
[WhiteElo "1421"]
[BlackElo "1138"]
[TimeControl "300"]
[EndTime "14:02:15 PDT"]
[Termination "MrBlond89 won by resignation"]

1. e4 e5 2. Nf3 Nf6 3. Nxe5 Nxe4 4. Nc3 Nxc3 5. dxc3 Qe7 6. Qe2 d6 7. Nd3 Bf5 8. Be3 Nc6 9. O-O-O O-O-O 10. g4 Be6 11. h4 f5 12. gxf5 Bxf5 13. Bg5 Qe6 14. Qxe6+ Bxe6 15. Bxd8 Kxd8 16. Bh3 Bxh3 17. Rxh3 g6 18. h5 gxh5 19.
Rxh5 Bg7 20. Rdh1 h6 21. Nf4 Ne5 22. Ne6+ 1-0

[Event "Live Chess"]
[Site "Chess.com"]
[Date "2023.05.20"]
[Round "-"]
[White "TheSmoulderingMaster"]
[Black "JoshMcK"]
[Result "0-1"]
[WhiteElo "1722"]
[BlackElo "1573"]
[TimeControl "300"]
[EndTime "14:02:27 PDT"]
[Termination "JoshMcK won by checkmate"]

1. e4 c6 2. d4 d5 3. Nd2 dxe4 4. Nxe4 Nf6 5. Nxf6+ exf6 6. Bc4 Bd6 7. Nf3 O-O 8. O-O Nd7 9. c3 Re8 10. Nh4 Nf8 11.
Qf3 Be6 12. Bd3 g6 13. Bf4 Bd5 14. Qg3 Bxf4 15. Qxf4 Ne6 16. Qg3 Qc7 17. Qg4 f5 18. Qd1 Nf4 19. Bc2 Qe7 20. Bxf5 Qxh4 21. Bd7 Bxg2 22.
Bxe8 Qg5 23. h4 Qxh4 24. Bxf7+ Kg7 25. Bc4 Qh1# 0-1

[Event "Live Chess"]
[Site "Chess.com"]
[Date "2023.05.20"]
[Round "-"]
[White "Duke_of_Bebington"]
[Black "blunderabit"]
[Result "0-1"]
[WhiteElo "1582"]
[BlackElo "1845"]
[TimeControl "300"]
[EndTime "14:02:50 PDT"]
[Termination "blunderabit won by resignation"]

1. e4 c5 2. c3 d5 3. exd5 Nf6 4. d4 Nxd5 5. dxc5 e6 6. b4 a5 7. Bd2 axb4 8. cxb4 Qf6 9. Bb5+ Bd7 10. Bxd7+ Nxd7 11. Ne2 Qxa1 12. Nec3 N7f6 13. Qb3 Nxc3 14. Bxc3 Qxa2 15.
Qc4 Qxc4 0-1

[Event "Live Chess"]
[Site "Chess.com"]
[Date "2023.05.20"]
[Round "-"]
[White "ameetghasi100"]
[Black "ViktorTheCoolBoy"]
[Result "0-1"]
[WhiteElo "2664"]
[BlackElo "2510"]
[TimeControl "300"]
[EndTime "14:03:10 PDT"]
[Termination "ViktorTheCoolBoy won by checkmate"]

1. d4 Nf6 2. c3 e6 3. Nf3 d5 4.
Bg5 c5 5. e3 Nbd7 6. Nbd2 h6 7.
Bh4 Qc7 8. Bd3 Bd6 9. Rc1 b6 10. Qe2 O-O 11. Bg3 Bb7 12. O-O Bxg3 13. hxg3 e5 14. Bf5 e4 15. Nh2 g6 16. Bh3 c4 17. b3 b5 18. f4 exf3 19. Qxf3 Rae8 20. Ng4 Nxg4 21. Qxg4 Nb6 22. Qf3 Qe7 23. Rce1 Kg7 24. b4 Na4 25. Nb1 Nb2 26. Re2 Nd3 27. g4 Qg5 28. Nd2 Re7 29. Qg3 Re6 30. Rf3 Rfe8 31.
Nf1 Re4 32. Qc7 Qe7 33. Qa5 a6 34. Ng3 Re6 35. g5 Qxg5 36. Bxe6 Rxe6 37. Qc7 Qe7 38. Qb8 h5 39. Nf1 h4 40. Nh2 Re4 41. Rh3 g5 42.
Rf3 Qd7 43. Rd2 g4 44. Rf1 Rxe3 45. Rxd3 cxd3 46. Qf4 Qe6 47. Nxg4 Rg3 48. Qg5+ Qg6 49.
Rxf7+ Kxf7 50. Ne5+ Ke6 51. Qd2 Qg5 52. Qf2 Qe3 53.
Nxd3 Qxd3 54. Qf8 Qg6 55. Kf2 Rxg2+ 56. Kf1 h3 57. Qd8 Qf6+ 58. Ke1 Qf2+ 59. Kd1 Qd2# 0-1

[Event "Live Chess"]
[Site "Chess.com"]
[Date "2023.05.20"]
[Round "-"]
[White "Ed_Knox"]
[Black "alexholowczak"]
[Result "0-1"]
[WhiteElo "1493"]
[BlackElo "1645"]
[TimeControl "300"]
[EndTime "14:03:16 PDT"]
[Termination "alexholowczak won on time"]

1. d4 e6 2. Bf4 d5 3. e3 c5 4. Nf3 Nc6 5. c3 Qb6 6. Qb3 Qxb3 7. axb3 Bd7 8. Na3 Nf6 9. Nb5 Rc8 10. Nxa7 Nxa7 11.
Rxa7 Bc6 12. Ne5 Bd6 13. Nxc6 Bxf4 14. exf4 bxc6 15. Bd3 O-O 16. Ke2 cxd4 17. cxd4 Rb8 18. Bc2 Rfc8 19. Rha1 c5 20. dxc5 Rxc5 21. Rb7 Rxc2+ 22.
Kd3 Rcc8 23. Re7 Rxb3+ 24. Kd4 Rb4+ 25. Ke5 Rd8 26. f3 Rxb2 27. Raa7 Rxg2 28. Rxf7 Ne8 29.
Rfe7 d4 30. Kxe6 Re2+ 31. Kf5 Rxe7 32. Rxe7 d3 33. Re1 Kf7 34. Ke4 Nf6+ 35. Ke3 Nd5+ 36. Kd2 Nxf4 37. Re4 Nd5 38. Rd4 Ke7 39. Re4+ Kd6 40.
Kxd3 Nf6 41. Rd4+ Ke7 42. Kc4 Rxd4+ 43. Kxd4 Nh5 44. Ke4 Kf6 45. h4 Kg6 46. f4 Nf6+ 47.
Kf3 Kh5 48. Kg3 Ne4+ 49. Kh3 g6 0-1

[Event "Live Chess"]
[Site "Chess.com"]
[Date "2023.05.20"]
[Round "-"]
[White "Inglaterra"]
[Black "hturner40"]
[Result "0-1"]
[WhiteElo "2035"]
[BlackElo "1808"]
[TimeControl "300"]
[EndTime "14:03:18 PDT"]
[Termination "hturner40 won by resignation"]

1. e4 Nc6 2. Nf3 e5 3. Bb5 f5 4. d3 fxe4 5. dxe4 Nf6 6. O-O Bc5 7. Bxc6 bxc6 8. Nxe5 O-O 9. Qd3 Qe7 10. Nf3 Qxe4 11.
Qxe4 Nxe4 12. Nbd2 d5 13. Nxe4 dxe4 14. Ne5 Ba6 15. Nd7 Bxf1 16. Nxf8 Rxf8 17. Kxf1 Rxf2+ 18. Ke1 Rxg2 19. b4 Bd4 20. Rb1 e3 0-1

[Event "Live Chess"]
[Site "Chess.com"]
[Date "2023.05.20"]
[Round "-"]
[White "Long1968"]
[Black "Singapourfeuj"]
[Result "0-1"]
[WhiteElo "1074"]
[BlackElo "2243"]
[TimeControl "300"]
[EndTime "14:03:33 PDT"]
[Termination "Singapourfeuj won on time"]

1. e4 e6 2. d4 d5 3. Nc3 Nf6 4. exd5 exd5 5. Nf3 Bd6 6. Bg5 h6 7. Bh4 c6 8. Bd3 Qe7+ 9. Qe2 Qxe2+ 10. Nxe2 Ne4 11.
Bxe4 dxe4 12. Ne5 Nd7 13. Nxd7 Bxd7 14. Bg3 Ke7 15. Bxd6+ Kxd6 16. Nc3 f5 17. O-O Rae8 18.
Rfe1 g5 19. g4 Rhf8 20. gxf5 Bxf5 21. Re3 Bg6 22. Rae1 Rf4 23. f3 Rxf3 24. Rxf3 exf3 25. Rxe8 Bxe8 26. Kf2 g4 27. Kg3 Bg6 28. Nd1 h5 29.
Ne3 c5 30. c3 cxd4 31. cxd4 b6 32. h3 gxh3 33. Kxh3 Bd3 34. Kg3 Be2 35. Kf2 h4 0-1

[Event "Live Chess"]
[Site "Chess.com"]
[Date "2023.05.20"]
[Round "-"]
[White "Nazar_777"]
[Black "raminguy"]
[Result "0-1"]
[WhiteElo "1609"]
[BlackElo "1961"]
[TimeControl "300"]
[EndTime "14:03:42 PDT"]
[Termination "raminguy won by checkmate"]

1. e3 e5 2. h4 d5 3. a3 Nc6 4. c4 d4 5. Nf3 Nf6 6. Be2 d3 7. Bf1 e4 8. Ng1 Be6 9. b3 Bd6 10. Bb2 O-O 11. Nh3 Bg4 12. Qc1 Re8 13. Nc3 a6 14. Nd5 Nxd5 15. cxd5 Ne7 16. Ng5 Nxd5 17. Qc4 Bf8 18. Nxe4 b5 19. Qd4 c5 20.
Qxd3 Bf5 21. f3 Bg6 22. h5 Bxe4 23. fxe4 Nc7 24. Qxd8 Raxd8 25. Ke2 Rxe4 26. g3 c4 27. b4 Nd5 28. Bg2 Ree8 29. Bxd5 Rxd5 30. Bc3 Rg5 31. Rag1 Bd6 32. g4 Re4 33. h6 Rexg4 34. Rxg4 Rxg4 35. Bxg7 Rg2+ 36. Kd1 Bf8 37. Bd4 Rg6 38.
Kc2 Bxh6 39. Rh5 Bg7 40. Rd5 Bxd4 41. exd4 Rg3 42. Rd8+ Kg7 43. d5 Rxa3 44. d6 Rd3 45. d7 f5 46. Kd1 c3 47. Kc2 cxd2 48. Kd1 f4 49. Ra8 Rxd7 50. Rxa6 f3 51. Ra2 f2 52.
Rxd2 Rxd2+ 53. Kxd2 f1=Q 54. Kc3 Qc4+ 55. Kd2 Qxb4+ 56. Ke3 Qc4 57. Kd2 b4 58. Ke3 b3 59.
Kd2 b2 60. Ke3 b1=R 61. Kd2 Rb3 62. Ke1 Qc2 63. Kf1 Rb1# 0-1

[Event "Live Chess"]
[Site "Chess.com"]
[Date "2023.05.20"]
[Round "-"]
[White "JoeyCage"]
[Black "xx_blindpuffin_xx"]
[Result "1/2-1/2"]
[WhiteElo "2308"]
[BlackElo "2184"]
[TimeControl "300"]
[EndTime "14:03:43 PDT"]
[Termination "Game drawn by repetition"]

1. e4 c6 2. d4 d5 3. e5 Bf5 4. c4 e6 5. Nc3 Ne7 6. Be3 h6 7. c5 Bg6 8. Nge2 Nf5 9. Ng3 Nxe3 10. fxe3 Nd7 11. Bd3 Bxd3 12. Qxd3 g6 13. O-O Be7 14.
e4 O-O 15. exd5 cxd5 16. b4 Rc8 17. Rf3 b6 18. Raf1 bxc5 19. bxc5 Bxc5 20. Qe3 Bb4 21.
Qxh6 Bxc3 22. Nh5 Bxd4+ 23. Kh1 Bxe5 24. Rxf7 Rxf7 25. Qxg6+ Rg7 26. Qxe6+ Kh7 27. Nxg7 Bxg7 28. Qh3+ Bh6 29. Qf5+ Kh8 30. Qe6 Bg7 31. Qh3+ Kg8 32. Qe6+ Kh7 33. Qf5+ Kg8 34. Qe6+ Kh8 35. Qh3+ Kg8 36. Qe6+ 1/2-1/2

[Event "Live Chess"]
[Site "Chess.com"]
[Date "2023.05.20"]
[Round "-"]
[White "luckywookie"]
[Black "LiamClery2020"]
[Result "0-1"]
[WhiteElo "743"]
[BlackElo "2084"]
[TimeControl "300"]
[EndTime "14:04:03 PDT"]
[Termination "LiamClery2020 won by checkmate"]

1. e4 Nf6 2. e5 Nd5 3. Nf3 d6 4.
exd6 cxd6 5. d4 g6 6. c4 Nb6 7. Nc3 Bg7 8. Bd3 Nc6 9. Be3 Bg4 10. O-O O-O 11. h3 Bxf3 12. Qxf3 Bxd4 13. Bxd4 Nxd4 14. Qf4 e5 15. Qh6 Rc8 16. Ne4 f5 17. Ng5 Qe7 18.
h4 Qg7 19. Qxg7+ Kxg7 20. h5 h6 21. hxg6 hxg5 22. f3 Nxc4 23. g3 Ne3 24. Rf2 g4 25. f4 e4 26. Be2 Rc2 27. Rh2 Nxe2+ 28. Rxe2 Rxe2 29. Rc1 Rg2+ 30. Kh1 Rh8# 0-1

[Event "Live Chess"]
[Site "Chess.com"]
[Date "2023.05.20"]
[Round "-"]
[White "chrisbradgate"]
[Black "mliszewski"]
[Result "0-1"]
[WhiteElo "861"]
[BlackElo "1858"]
[TimeControl "300"]
[EndTime "14:04:05 PDT"]
[Termination "mliszewski won by checkmate"]

1. d4 d5 2. Bf4 c6 3. e3 Qb6 4. b3 Nf6 5. f3 Bf5 6. c3 Nbd7 7. Bd3 Bxd3 8. Qxd3 e6 9. Ne2 c5 10. O-O Bd6 11. Bxd6 Qxd6 12. Nf4 O-O 13. Nd2 cxd4 14. exd4 Rac8 15. Rac1 Qxf4 16. g3 Qb8 17. f4 a6 18. h3 b5 19. g4 Qa8 20.
g5 Ne4 21. Nxe4 dxe4 22. Qe3 f5 23. gxf6 Nxf6 24. Rf2 Qd5 25. Rg2 Rc7 26. Kh2 Qh5 27. Kh1 Qf3 28. Qxf3 exf3 29. Rf2 Nh5 30. Rxf3 Rxf4 31.
Rxf4 Nxf4 32. Rf1 Nxh3 33. Rf3 Ng5 34. Re3 Rxc3 35. Rxe6 Nxe6 36. Kg2 Nxd4 37. Kf2 Rc2+ 38. Ke3 Nf5+ 39. Ke4 Nd6+ 40. Kd5 Rd2+ 41. Kc6 Ne4 42. Kb6 Rxa2 43. Kc6 Nd2 44. b4 Ra4 45. Kb6 Rxb4 46. Kxa6 Rb1 47. Kb6 b4 48. Kb5 b3 49. Kb4 b2 50. Kc3 Ne4+ 51. Kd4 Rd1+ 52. Kxe4 b1=Q+ 53. Ke3 Qd3+ 54. Kf4 Rf1+ 55. Ke5 Rf5+ 56. Ke6 Qd5+ 57.
Ke7 Rf7+ 58. Ke8 Qd7# 0-1

[Event "Live Chess"]
[Site "Chess.com"]
[Date "2023.05.20"]
[Round "-"]
[White "bristolunichess"]
[Black "f4nomore"]
[Result "1-0"]
[WhiteElo "1805"]
[BlackElo "1377"]
[TimeControl "300"]
[EndTime "14:04:16 PDT"]
[Termination "bristolunichess won by resignation"]

1. b3 g6 2. Bb2 Bg7 3. Bxg7 Nf6 4. Bxh8 e6 5. Bxf6 Qxf6 6. Nc3 Nc6 7. f3 d5 8. g3 Bd7 9. Bg2 O-O-O 10. Nh3 e5 11.
Nf2 d4 12. Nce4 Qe7 13. d3 f5 14. Nd2 Qb4 15. O-O Qc3 16. a3 Ne7 17. Ra2 Bc6 18. b4 Bd7 19. Nc4 e4 20. fxe4 fxe4 21. Nxe4 Bf5 22.
Nxc3 1-0

[Event "Live Chess"]
[Site "Chess.com"]
[Date "2023.05.20"]
[Round "-"]
[White "BillW-GrangerIN"]
[Black "grillage"]
[Result "0-1"]
[WhiteElo "265"]
[BlackElo "1852"]
[TimeControl "300"]
[EndTime "14:04:26 PDT"]
[Termination "grillage won by resignation"]

1. e4 d5 2. Nc3 dxe4 3. Nxe4 Bf5 4. Bc4 Bxe4 5. d3 Bxg2 6. Bf4 Nc6 7. Qh5 e6 8. O-O-O Nf6 9. Qg5 Bxh1 10. Nf3 Bxf3 11.
Re1 Nd5 12. Qxd8+ Rxd8 13. Bxd5 Bxd5 0-1

[Event "Live Chess"]
[Site "Chess.com"]
[Date "2023.05.20"]
[Round "-"]
[White "elvenstar"]
[Black "Olisingapore"]
[Result "0-1"]
[WhiteElo "1578"]
[BlackElo "1871"]
[TimeControl "300"]
[EndTime "14:04:40 PDT"]
[Termination "Olisingapore won on time"]

1. e4 c5 2. Nf3 d6 3. Bc4 Nf6 4.
d3 Nc6 5. O-O g6 6. Bg5 Bg7 7.
Qd2 h6 8. Bf4 Ng4 9. Nc3 a6 10.
h3 Nf6 11. a4 e5 12. Be3 Nh5 13. Nd5 Be6 14. c3 Ne7 15. Rad1 Bxd5 16. Bxd5 Nxd5 17.
exd5 f5 18. Rfe1 Qc7 19. b4 b6 20. Rb1 Kf7 21. Qa2 f4 22. Bd2 g5 23. d4 c4 24.
dxe5 Bxe5 25. Nxe5+ dxe5 26. d6 Qxd6 27. Qxc4+ Qe6 28.
Qc7+ Kf6 29. Qb7 Rad8 30. Rbd1 Kg6 31. Qe4+ Qf5 32. Qc6+ Nf6 33. Qxb6 Qc2 0-1

[Event "Live Chess"]
[Site "Chess.com"]
[Date "2023.05.20"]
[Round "-"]
[White "ChessTWSS"]
[Black "Geomorph"]
[Result "1-0"]
[WhiteElo "1557"]
[BlackElo "1246"]
[TimeControl "300"]
[EndTime "14:04:41 PDT"]
[Termination "ChessTWSS won by resignation"]

1. d4 d5 2. Bf4 Nf6 3. e3 c5 4. c3 Qb6 5. Qb3 cxd4 6. Qxb6 axb6 7. cxd4 Nbd7 8. Bb5 Nh5 9. Bxd7+ Bxd7 10. Ne2 Nxf4 11.
Nxf4 e6 12. a3 Bd6 13. Nc3 O-O 14. O-O e5 15. Nfxd5 Bc6 16. Nb4 exd4 17. exd4 Bxb4 18. axb4 Rxa1 19. Rxa1 h6 20. h4 Re8 21. g3 f6 22.
d5 Bd7 23. Ra7 Rb8 24. Ne4 Bb5 25. Nd6 Ba6 26. b5 Bxb5 27. Nxb5 Kf7 28. Nd6+ Ke7 29. Rxb7+ Rxb7 30. Nxb7 b5 31. b4 g5 32. Kg2 gxh4 33. gxh4 h5 34. Kf3 f5 35. Kf4 1-0

[Event "Live Chess"]
[Site "Chess.com"]
[Date "2023.05.20"]
[Round "-"]
[White "manthanit"]
[Black "EdenHazard8"]
[Result "0-1"]
[WhiteElo "1017"]
[BlackElo "2068"]
[TimeControl "300"]
[EndTime "14:04:57 PDT"]
[Termination "EdenHazard8 won by checkmate"]

1. e4 e5 2. Nf3 Nc6 3. d4 exd4 4. Nxd4 Nf6 5. Nxc6 bxc6 6. e5 Qe7 7.
Bf4 Nd5 8. Bg3 h5 9. h4 Nb6 10. Bd3 Qb4+ 11. Nd2 Qxb2 12. O-O Bb7 13. Re1 O-O-O 14. Bc4 g5 15. Bb3 Be7 16. hxg5 h4 17. Bh2 Bxg5 18. Nc4 Qc3 19. Nxb6+ axb6 20. Qd3 Qxd3 21. cxd3 Rdg8 22. Bxf7 Rg7 23. Bc4 d6 24. exd6 c5 25. dxc7 Bc6 26. Ba6+ Bb7 27. Bb5 Bd2 28. Re8+ Rxe8 29. Bxe8 Rxg2+ 30. Kh1 Rxf2+ 31. Kg1 Rg2+ 32. Kh1 Be3 33. Bd6 Rg1+ 34. Kh2 Rxa1 35. Kh3 Rg1 36. Bf7 Kd7 37. Be5 Bf2 38. Bh2 Rg7 39. Bh5 Bg2# 0-1

[Event "Live Chess"]
[Site "Chess.com"]
[Date "2023.05.20"]
[Round "-"]
[White "GEMdzq"]
[Black "FlyingChessKestrel13"]
[Result "1-0"]
[WhiteElo "2234"]
[BlackElo "2105"]
[TimeControl "300"]
[EndTime "14:05:04 PDT"]
[Termination "GEMdzq won by resignation"]

1. e4 c5 2. d4 cxd4 3. c3 dxc3 4. Nxc3 e6 5. Bc4 d6 6. Nf3 a6 7. O-O Be7 8. Qe2 Nf6 9. Rd1 Qc7 10. Bf4 e5 11. Bg5 O-O 12. Rac1 Nc6 13. h3 Be6 14. Nd5 Bxd5 15. exd5 Nd8 16. Bxa6 Qb6 17. Bc4 e4 18.
Nd4 h6 19. Be3 Qc7 20. Bb5 Qb8 21. Nf5 Nxd5 22. Rxd5 Bf6 23. a4 Be5 24. Qg4 Ne6 25. Bxh6 Kh7 26. Rxe5 dxe5 27. Bxg7 Rc8 28. Qh5+ 1-0

[Event "Live Chess"]
[Site "Chess.com"]
[Date "2023.05.20"]
[Round "-"]
[White "DmitryVasliev"]
[Black "ExIsambard"]
[Result "1-0"]
[WhiteElo "1686"]
[BlackElo "1975"]
[TimeControl "300"]
[EndTime "14:05:08 PDT"]
[Termination "DmitryVasliev won by checkmate"]

1. d4 Nf6 2. Bf4 d5 3. e3 c6 4. c3 e6 5. Nd2 Be7 6. Bd3 Nbd7 7. Bg3 O-O 8. f4 c5 9. Nh3 a6 10.
O-O b5 11. Qe2 Bb7 12. Nf2 Rc8 13. Rae1 Qa5 14. Bb1 b4 15. Bh4 bxc3 16. Nb3 Qb4 17. Nd3 Qc4 18. bxc3 cxd4 19. cxd4 Qa4 20. Ne5 Rc3 21.
Rf3 a5 22. Rh3 g6 23. Nxd7 Qxd7 24. Nc5 Bxc5 25. Bxf6 Be7 26. Be5 f6 27. Qg4 Kg7 28.
Rxh7+ Kxh7 29. Qxg6+ Kh8 30. Qh7# 1-0

[Event "Live Chess"]
[Site "Chess.com"]
[Date "2023.05.20"]
[Round "-"]
[White "Duke_of_Bebington"]
[Black "JoshMcK"]
[Result "1-0"]
[WhiteElo "1590"]
[BlackElo "1565"]
[TimeControl "300"]
[EndTime "14:05:09 PDT"]
[Termination "Duke_of_Bebington won by resignation"]

1. e4 c6 2. d4 d5 3. e5 c5 4.
c3 cxd4 5. cxd4 Nc6 6. Nf3 Bg4 7. Be2 e6 8. h3 Bxf3 9. Bxf3 Nge7 10. O-O Nf5 11. Nc3 Nfxd4 12. Bg4 Be7 13. Be3 Nf5 14. Bxf5 exf5 15. Qxd5 Qxd5 16. Nxd5 Nxe5 17. Nc7+ Kd7 18. Nxa8 Rxa8 19. Rad1+ Ke8 20. Bd4 f6 21. Rfe1 Kf7 22. Bxe5 fxe5 23. Rxe5 g6 24. Rd7 Re8 25. Rxb7 Kf6 26.
Re2 a5 27. Ra7 Rd8 28. Rexe7 1-0

[Event "Live Chess"]
[Site "Chess.com"]
[Date "2023.05.20"]
[Round "-"]
[White "KeithArkell"]
[Black "GMHarry-youtube"]
[Result "1-0"]
[WhiteElo "2616"]
[BlackElo "2059"]
[TimeControl "300"]
[EndTime "14:05:15 PDT"]
[Termination "KeithArkell won by checkmate"]

1. d4 Nf6 2. Nf3 g6 3. c4 Bg7 4.
g3 O-O 5. Bg2 d5 6. cxd5 Nxd5 7.
Nc3 Nxc3 8. bxc3 c5 9. O-O Nc6 10. e3 cxd4 11. cxd4 e5 12. dxe5 Nxe5 13. Nxe5 Bxe5 14.
Rb1 Rb8 15. Bb2 Bxb2 16. Rxb2 b6 17. Qa4 Qd7 18. Qxd7 Bxd7 19. Rd1 Be6 20. a4 Rfd8 21. Ra1 a6 22. Bf1 a5 23. Rab1 Rd6 24. Rb5 Rc8 25.
R5b2 Bf5 26. Re1 Rc2 27. Rxc2 Bxc2 28. Bb5 Bd3 29. Rd1 Bxb5 30. Rxd6 Bxa4 31. Rxb6 Bc2 32. Ra6 a4 33. f3 Bb3 34. e4 Kf8 35. Kf2 Ke7 36. Ke3 h6 37. Kd4 h5 38. h4 f6 39. f4 Kf7 40. Kc5 Ke7 41. Ra7+ Ke6 42. Ra6+ Ke7 43. e5 fxe5 44. fxe5 Kf7 45. Rf6+ Kg7 46. Rf3 Bc2 47. e6 Bf5 48. Kd6 Kf8 49. Rc3 Kg7 50. Ke5 Kf8 51. Rc8+ Ke7 52. Rc7+ Kd8 53.
Ra7 Bc2 54. Kd6 Kc8 55. e7 Kb8 56. Ra5 Bf5 57. e8=Q+ Bc8 58. Rb5+ Ka7 59. Qxc8 a3 60. Qb7# 1-0

[Event "Live Chess"]
[Site "Chess.com"]
[Date "2023.05.20"]
[Round "-"]
[White "Ferrarifan27"]
[Black "FailsGambits"]
[Result "1-0"]
[WhiteElo "2065"]
[BlackElo "1321"]
[TimeControl "300"]
[EndTime "14:05:17 PDT"]
[Termination "Ferrarifan27 won by resignation"]

1. e4 e5 2. Nf3 Nc6 3. Bb5 a6 4. Ba4 Nf6 5. O-O Be7 6. Re1 d6 7. d4 exd4 8. Nxd4 Bd7 9. Nxc6 Bxc6 10. Bxc6+ bxc6 11. Nc3 O-O 12. Bf4 Re8 13. Qf3 Nd7 14. Qg3 Bh4 15. Qg4 Ne5 16. Qh5 Bf6 17. Rad1 Ng6 18.
Bd2 Re5 19. Qg4 d5 20. f4 Re8 21. e5 Be7 22. f5 Bc5+ 23. Kh1 Nxe5 24. Qg3 Bd6 25.
Bg5 f6 26. Bf4 Qe7 27. Ne2 Rab8 28. b3 Rb4 29. Nd4 Bc5 30. c3 Bxd4 31. cxd4 1-0

[Event "Live Chess"]
[Site "Chess.com"]
[Date "2023.05.20"]
[Round "-"]
[White "Bot_Boy"]
[Black "omisoc"]
[Result "0-1"]
[WhiteElo "324"]
[BlackElo "2146"]
[TimeControl "300"]
[EndTime "14:05:26 PDT"]
[Termination "omisoc won on time"]

1. e3 Nf6 2. Nc3 g6 3. f3 Bg7 4. d4 d6 5. Bc4 O-O 6. Nge2 c6 7.
Bd3 Nbd7 8. Nf4 e5 9. dxe5 dxe5 10. Nh3 Nc5 11. Ng5 Nd5 12. h4 Nxd3+ 13. cxd3 Nb4 14. Ke2 h6 15. Nge4 f5 16. Nf2 Be6 17. h5 g5 18.
e4 f4 19. a3 Na6 20. b4 Nc7 21. Rb1 Bf7 22. b5 Ne6 23. bxc6 Nd4+ 24. Ke1 bxc6 25. Rb7 Qa5 26. Qd2 Rab8 0-1

[Event "Live Chess"]
[Site "Chess.com"]
[Date "2023.05.20"]
[Round "-"]
[White "Bob2pen"]
[Black "WelshTiger"]
[Result "1-0"]
[WhiteElo "1851"]
[BlackElo "2381"]
[TimeControl "300"]
[EndTime "14:05:26 PDT"]
[Termination "Bob2pen won by checkmate"]

1. c4 e6 2. g3 d5 3. Bg2 Nf6 4.
Nf3 Be7 5. O-O O-O 6. b3 c5 7. Bb2 d4 8. e3 Nc6 9. exd4 cxd4 10. d3 a5 11. Nbd2 e5 12. Re1 Qc7 13. Qe2 Nd7 14. Qe4 Nc5 15. Qe2 Bf5 16. Nxe5 Nxe5 17. Qxe5 Qxe5 18. Rxe5 Nxd3 19. Rxe7 Nxb2 20. Bxb7 Rab8 21.
Bd5 a4 22. Rb1 Bxb1 23. Nxb1 axb3 24. axb3 Rxb3 25. Nd2 Ra3 26. Kg2 Na4 27. Nf3 d3 28. Ne5 d2 29. Nxf7 d1=Q 30. Nh6+ Kh8 31. Nf7+ Rxf7 32. Re8+ Rf8 33. Rxf8# 1-0

[Event "Live Chess"]
[Site "Chess.com"]
[Date "2023.05.20"]
[Round "-"]
[White "Stanbad1"]
[Black "wot-not"]
[Result "1-0"]
[WhiteElo "2409"]
[BlackElo "1520"]
[TimeControl "300"]
[EndTime "14:05:27 PDT"]
[Termination "Stanbad1 won by resignation"]

1. d4 Nf6 2. Bg5 d5 3. Nd2 Bg4 4. Ngf3 Bxf3 5. Nxf3 e6 6. e3 Be7 7. Bd3 O-O 8. O-O h6 9. Bf4 c6 10. c3 Bd6 11. Ne5 Qe7 12. Qf3 Nbd7 13. Qg3 Nh5 14.
Nxc6 Nxg3 15. Nxe7+ Bxe7 16. Bxg3 Bf6 17. Rac1 Rfc8 18. c4 dxc4 19. Bxc4 Nf8 20. Bd3 Nd7 21. Be4 Rxc1 22. Rxc1 e5 23. Bxb7 Rb8 24. Rc8+ Rxc8 25.
Bxc8 Nb6 26. dxe5 Nxc8 27. exf6 gxf6 28. Kf1 Kg7 29. Ke2 Kg6 30. Kd3 f5 31. Bc7 Ne7 32. f4 Nd5 33. Bd6 a6 34. Kd4 Nb6 35. b3 Kf6 36.
Bc7 Nd7 37. Kd5 h5 38. Bd8+ Kg6 39. Kc6 Nf6 40. Bxf6 Kxf6 41. h4 Ke6 42. b4 1-0

[Event "Live Chess"]
[Site "Chess.com"]
[Date "2023.05.20"]
[Round "-"]
[White "ProfPoisson"]
[Black "Jeffaroow"]
[Result "1-0"]
[WhiteElo "1138"]
[BlackElo "477"]
[TimeControl "300"]
[EndTime "14:05:33 PDT"]
[Termination "ProfPoisson won by resignation"]

1. e4 e5 2. Nf3 Nc6 3. d4 exd4 4. Bc4 Bc5 5. c3 Qf6 6. cxd4 Bxd4 7. O-O Be5 8. Bg5 Qd6 9. Nxe5 Nxe5 10. Qxd6 cxd6 11. Bb3 Nc6 12. Nc3 Nd4 13. Nd5 Nb5 14. a4 f6 15.
axb5 1-0

[Event "Live Chess"]
[Site "Chess.com"]
[Date "2023.05.20"]
[Round "-"]
[White "LiamClery2020"]
[Black "mliszewski"]
[Result "1-0"]
[WhiteElo "2088"]
[BlackElo "1855"]
[TimeControl "300"]
[EndTime "14:05:43 PDT"]
[Termination "LiamClery2020 won by resignation"]

1. e4 c6 2. c4 d5 3. cxd5 cxd5 4. exd5 Nf6 5. Nc3 g6 6. Qf3 Bg7 7. d4 O-O 8. Bc4 Nbd7 9. h3 Nb6 10. Bb3 a5 11. a4 Qd7 12. Nge2 Rd8 13. Nf4 e6 14. dxe6 fxe6 15. Bxe6+ Qxe6+ 16. Nxe6 Re8 17. d5 1-0

[Event "Live Chess"]
[Site "Chess.com"]
[Date "2023.05.20"]
[Round "-"]
[White "defenderalist"]
[Black "FMOlexandrProhorov"]
[Result "0-1"]
[WhiteElo "1622"]
[BlackElo "2172"]
[TimeControl "300"]
[EndTime "14:06:00 PDT"]
[Termination "FMOlexandrProhorov won by resignation"]

1. e4 c5 2. Nf3 e6 3. d4 cxd4 4. Nxd4 Qb6 5. Nc3 Bc5 6. Be3 Nf6 7. Be2 Nc6 8. Ndb5 Bxe3 9. fxe3 O-O 10. O-O Qxe3+ 11.
Kh1 Nxe4 12. Nxe4 Qxe4 13. Bf3 Qb4 14. Nd6 Qxb2 15. Nxc8 Raxc8 16. Qxd7 Ne5 17. Qxb7 Qxc2 18. Qxa7 Nxf3 19. Rxf3 Qb2 20. Raf1 f5 21. h3 Rc2 22. Rg3 Qe5 23. Rgf3 h5 24. a4 h4 25. R3f2 Rc3 26. a5 Qd5 27. Kh2 Rf7 28. Qb6 Rb3 29. Qb8+ Rxb8 0-1

[Event "Live Chess"]
[Site "Chess.com"]
[Date "2023.05.20"]
[Round "-"]
[White "AbilifyXL"]
[Black "wadsy27"]
[Result "0-1"]
[WhiteElo "1952"]
[BlackElo "2554"]
[TimeControl "300"]
[EndTime "14:06:04 PDT"]
[Termination "wadsy27 won by resignation"]

1. d4 d5 2. c4 c6 3. cxd5 cxd5 4. Nc3 Nf6 5. Nf3 Nc6 6. Bf4 a6 7. e3 Bg4 8. Be2 e6 9. h3 Bh5 10. O-O Be7 11. a3 O-O 12. b4 Rc8 13. Na4 Nd7 14.
Rc1 Bg6 15. Bd3 Nb6 16. Nc5 Bxd3 17. Qxd3 Bxc5 18. bxc5 Nc4 19. Ng5 g6 20. Nf3 b6 21.
Bg5 f6 22. Bh6 Rf7 23. cxb6 Qxb6 24. Rb1 Qa7 25. Bf4 Qd7 26. Nd2 N6a5 27. Rfc1 Nxd2 28. Qxd2 Nc4 29. Qd3 Kg7 30. Rc3 g5 31. Bg3 h5 32.
h4 g4 33. Rcb3 Qc6 34. Kh2 Rd8 35. Qe2 Rdd7 36. f3 gxf3 37. Qxf3 Nd2 38. Qxh5 Nxb3 39. Rxb3 Rb7 40. Rxb7 Rxb7 41. Bf4 Kf8 42. Qh8+ Ke7 43. Qg7+ Ke8 44. Qxf6 Rf7 45. Qg6 Qd7 46. h5 Qe7 47. Kh3 Kd7 48. h6 Rf6 49. Qg8 Rf8 50. h7 Qf6 51.
Qg4 Rh8 52. Qh5 Qf5+ 53. g4 Rxh7 54. gxf5 Rxh5+ 55. Kg4 Rxf5 56. Kf3 Kc6 57. Kf2 Kb5 58. Ke2 Rxf4 59. exf4 Ka4 60. Ke3 Kxa3 61. f5 exf5 62. Kf4 Kb4 63. Ke5 Kc4 64. Kxf5 a5 0-1

[Event "Live Chess"]
[Site "Chess.com"]
[Date "2023.05.20"]
[Round "-"]
[White "MaximKris"]
[Black "Conradical12"]
[Result "0-1"]
[WhiteElo "1842"]
[BlackElo "1582"]
[TimeControl "300"]
[EndTime "14:06:17 PDT"]
[Termination "Conradical12 won by checkmate"]

1. e4 e5 2. Nf3 Nc6 3. Bb5 Nf6 4. O-O d6 5. Re1 Bg4 6. Nc3 Be7 7. h3 Bh5 8. d3 O-O 9. Be3 a6 10. Bxc6 bxc6 11. d4 Nd7 12. d5 c5 13. g4 Bg6 14.
Nh2 Nb6 15. f4 exf4 16. Bxf4 Bh4 17. Rf1 Nc4 18. Rb1 Qf6 19. Qf3 Qd4+ 20. Kh1 Nd2 21. Bxd2 Qxd2 22. Rbd1 Qh6 23. Qf4 Rae8 24. Qxh6 gxh6 25.
Nf3 Bd8 26. h4 Bxe4 27. Nxe4 Rxe4 28. g5 hxg5 29. hxg5 f6 30. gxf6 Rxf6 31. Rg1+ Kh8 32. Ng5 Rh4+ 33. Kg2 Rg6 34. Kf3 Bxg5 35. Rh1 Rxh1 36.
Rxh1 Kg7 37. Kg4 Bf6+ 38. Kf5 Bxb2 39. Rb1 Rf6+ 40. Ke4 Be5 41. Rg1+ Kf7 42. Rh1 Kg7 43. Rb1 Rf4+ 44. Ke3 Rd4 45. Kf3 Rf4+ 46. Ke3 Rc4 47. Rb7 Rxc2 48. Rxc7+ Kf6 49. Rc6 Rxa2 50. Rc8 Ra4 51.
Rc7 Rd4 52. Rxh7 a5 53. Rh1 a4 54. Ra1 Rd3+ 55. Kxd3 Bxa1 56. Kc2 Ke5 57. Kb1 Bd4 58. Ka2 Kxd5 59. Ka3 c4 60. Kxa4 c3 61. Kb3 Ke4 62. Kc2 Ke3 63. Kc1 Kd3 64. Kd1 c2+ 65.
Kc1 Be3+ 66. Kb2 Kd2 67. Kb3 c1=Q 68. Kb4 Qc3+ 69. Kb5 Qc5+ 70. Ka6 Qb6# 0-1